Construct Infanterie Kompanie
Infanterie Officer Quarters
Construct Panzergrenadier Kompanie
Pak 40 Anti-tank Gun Team
Selects Mechanized Battlegroup
Selects StuG Assault Group
Nebelwerfer 42 Rocket Launcher Team
Construct Panzer Kompanie
Selects UNKNOWN (2160084)
Nebelwerfer 42 Rocket Launcher Team
Selects Wespe Self-propelled Artillery
Selects Zeroing Artillery Barrage
Zeroing Artillery Barrage
Zeroing Artillery Barrage
Zeroing Artillery Barrage
Nebelwerfer 42 Rocket Launcher Team
Nebelwerfer 42 Rocket Launcher Team